 Dungeon Crawl Stone Soup version 0.29.0-4-gdea44cf6ec (webtiles) character file.

Game seed: 15642043248676609129

134245 112233 the Eclecticist (level 16, -7/77 HPs)
             Began as a Felid Earth Elementalist on Aug 27, 2022.
             Was an Initiate of Gozag.
             Mangled by a death yak (43 damage)
             ... summoned by a spriggan berserker
             ... on level 3 of the Swamp.
             The game lasted 01:30:31 (67341 turns).

112233 the Eclecticist (Felid Earth Elementalist)  Turns: 67341, Time: 01:30:31

Health: -7/77      AC:  3    Str: 10    XL:     16   Next: 61%
Magic:  3/37       EV: 29    Int: 34    God:    Gozag
Gold:   2185       SH:  4    Dex: 17    Spells: 7/48 levels left
                                        Lives:  0   Deaths: 3

rFire   + + +      SeeInvis +   (weapon unavailable)
rCold   + + .      Faith    .   (shield unavailable)
rNeg    . . .      Spirit   .   (body armour unavailable)
rPois   .          Reflect  .   (helmet unavailable)
rElec   .          Harm     .   (cloak unavailable)
rCorr   .          Rampage  .   (gloves unavailable)
Will    ++...                   (boots unavailable)
Stlth   ++........              Q - amulet of the acrobat
HPRegen 0.22/turn               G - +6 ring of intelligence
MPRegen 0.25/turn               f - ring "Zevuquh" {Contam rF+++ rC+ Str+6 Int+4}

@: gold aura, studying Hexes, quick
A: very small, claws 1, fangs 3, see invisible, speed 1, shaggy fur 3, stealthy
paws, no weapons or thrown items, no armour, multi-lived, large bone plates 1
a: Renounce Religion, Potion Petition, Call Merchant, Bribe Branch


You were on level 3 of the Swamp.
You worshipped Gozag.
Gozag was most pleased with you.
You visited 6 branches of the dungeon, and saw 30 of its levels.
You also visited: Ossuary, Bailey and Ice Cave.

You collected 11877 gold pieces.
You spent 4524 gold pieces at shops.
You paid 5168 gold pieces to Gozag.

Inventory:

Jewellery
 a - a ring of wizardry
 c - a +6 ring of dexterity
 d - an amulet of guardian spirit
 f - the ring "Zevuquh" (right paw) {Contam rF+++ rC+ Str+6 Int+4}
   (You took it off a kobold demonologist on level 10 of the Dungeon)

   [ring of strength]

   Str:       It affects your strength (+6).
   Int:       It affects your intelligence (+4).
   rF:        It renders you almost immune to fire.
   rC:        It protects you from cold.
   Contam:    It causes magical contamination when unequipped.
 l - the ring "Qietz" {+Blink rF+ Stlth+}
   (You found it on level 3 of the Dungeon)

   [ring of protection from fire]

   rF:        It protects you from fire.
   +Blink:    It lets you blink.
   Stlth:     It makes you more stealthy.
 y - the ring "Oriceray" {rN+ Dex+4}
   (You found it on level 5 of the Dungeon)

   [ring of positive energy]

   Dex:       It affects your dexterity (+4).
   rN:        It protects you from negative energy.
 G - a +6 ring of intelligence (left paw)
 Q - an amulet of the acrobat (around neck)
 R - the amulet "Etuoro" {Faith rElec Stlth+}
   (You found it on level 2 of the Orcish Mines)

   [amulet of faith]

   It allows you to gain divine favour quickly.
   rElec:     It insulates you from electricity.
   Stlth:     It makes you more stealthy.
 Z - a ring of flight
Wands
 n - a wand of paralysis (32)
 s - a wand of mindburst (9)
 v - a wand of quicksilver (31)
 A - a wand of polymorph (20)
 E - a wand of roots (10)
 H - a wand of digging (8)
 K - a wand of flame (41)
Scrolls
 e - 3 scrolls of summoning
 g - 9 scrolls of vulnerability
 i - 4 scrolls of immolation
 m - 4 scrolls of torment
 p - 2 scrolls of poison
 r - a scroll of blinking
 u - 14 scrolls of teleportation
 w - 5 scrolls of butterflies
 z - 7 scrolls of amnesia
 D - 4 scrolls of magic mapping
 T - 7 scrolls of fear
 U - 8 scrolls of identify
 Y - 2 scrolls of silence
Potions
 b - 9 potions of haste
 j - 8 potions of mutation
 k - 23 potions of curing
 o - 11 potions of might
 q - 6 potions of cancellation
 t - 8 potions of lignification
 x - 5 potions of attraction
 C - 5 potions of berserk rage
 F - 4 potions of invisibility
 J - 3 potions of ambrosia
 L - 3 potions of flight
 N - 4 potions of magic
 S - 4 potions of brilliance
 V - 2 potions of resistance
Miscellaneous
 h - a box of beasts
 B - a lightning rod (4/4)
 M - a phial of floods (inert)
 O - a condenser vane
 P - a piece from Xom's chessboard (15/15)
 W - a tin of tremorstones (2/2)


   Skills:
 + Level 12.7 Fighting
 + Level 16.5 Dodging
 - Level 2.6 Stealth
 * Level 16.9 Spellcasting
 - Level 6.5 Conjurations
 - Level 4.3 Summonings
 - Level 8.2 Necromancy
 - Level 6.8 Translocations
 * Level 9.0 Transmutations
 * Level 7.4 Air Magic
 - Level 12.1 Earth Magic
 - Level 9.6 Evocations


You had 7 spell levels left.
You knew the following spells:

 Your Spells              Type           Power      Damage    Failure   Level
a - Borgnjor's Vile Clut  Necr/Erth      39%        N/A       1%          5
b - Stone Arrow           Conj/Erth      100%       3d13      1%          3
c - Iron Shot             Conj/Erth      37%        9d7       4%          6
d - Summon Forest         Summ/Tloc      30%        N/A       3%          5
e - Storm Form            Tmut/Air       35%        N/A       36%         7
f - Apportation           Tloc           100%       N/A       1%          1
h - Passwall              Tmut/Erth      65%        N/A       1%          2
i - Irradiate             Conj/Tmut      34%        3d23      1%          5
j - Blink                 Tloc           100%       N/A       1%          2
k - Manifold Assault      Tloc           66%        N/A       2%          5

Your spell library contained the following spells:

 Spells                   Type           Power      Damage    Failure   Level
 Sandblast                Erth           100%       2d20      0%          1
 Freeze                   Ice            100%       1d11      1%          1
 Necrotise                Necr           100%       1d9       1%          1
 Slow                     Hex            100%       N/A       1%          1
 Summon Small Mammal      Summ           100%       N/A       1%          1
 Ensorcelled Hibernation  Hex/Ice        56%        N/A       1%          2
 Poisonous Vapours        Pois/Air       100%       N/A       1%          2
 Scorch                   Fire           56%        2d8       1%          2
 Static Discharge         Conj/Air       66%        3-12/arc  1%          2
 Sublimation of Blood     Necr           71%        N/A       1%          2
 Call Canine Familiar     Summ           55%        N/A       1%          3
 Gell's Gravitas          Tloc           66%        N/A       1%          3
 Ignite Poison            Fire/Tmut/Pois 49%        N/A       1%          3
 Lesser Beckoning         Tloc           66%        N/A       1%          3
 Mephitic Cloud           Conj/Pois/Air  57%        N/A       1%          3
 Summon Guardian Golem    Hex/Summ       43%        N/A       1%          3
 Teleport Other           Tloc           66%        N/A       1%          3
 Airstrike                Air            34%        2d(5-21)  1%          4
 Leda's Liquefaction      Hex/Erth       31%        N/A       1%          4
 Passage of Golubria      Tloc           66%        N/A       1%          4
 Petrify                  Tmut/Erth      79%        N/A       1%          4
 Summon Lightning Spire   Summ/Air       62%        N/A       1%          4
 Blade Hands              Tmut           37%        N/A       1%          5
 Lightning Bolt           Conj/Air       33%        1d50      1%          5
 Iskenderun's Battlesphe  Conj           64%        2d11      2%          5
 Flame Wave               Conj/Fire      50%        2d12      3%          4
 Hailstorm                Conj/Ice       50%        3d11      3%          4
 Confusing Touch          Hex            28%        N/A       4%          3
 Frozen Ramparts          Ice            56%        1d9       4%          3
 Inner Flame              Hex/Fire       28%        N/A       4%          3
 Ozocubu's Armour         Ice            28%        N/A       4%          3
 Tukima's Dance           Hex            28%        N/A       4%          3
 Alistair's Intoxication  Tmut/Pois      37%        N/A       5%          5
 Freezing Cloud           Conj/Ice/Air   28%        6-21      5%          5
 Yara's Violent Unravell  Hex/Tmut       28%        3d12      5%          5
 Death Channel            Necr           35%        N/A       7%          6
 Cause Fear               Hex            14%        N/A       13%         4
 Summon Mana Viper        Hex/Summ       43%        N/A       16%         5
 Eringya's Noxious Bog    Tmut/Pois      28%        N/A       30%         6
 Summon Cactus Giant      Summ           27%        N/A       32%         6
 Metabolic Englaciation   Hex/Ice        14%        N/A       36%         5
 Spellforged Servitor     Conj/Summ      30%        N/A       77%         7
 Summon Hydra             Summ           27%        N/A       88%         7
 Ozocubu's Refrigeration  Ice            14%        4d10      100%        7
 Maxwell's Capacitive Co  Air            34%        ∞         99%         8
 Discord                  Hex            14%        N/A       100%        8
 Dragon's Call            Summ           27%        N/A       100%        9
 Portal Projectile        Hex/Tloc       Unusable   N/A       N/A         3
 Animate Armour           Summ/Erth      Unusable   N/A       N/A         4
 Animate Dead             Necr           Unusable   N/A       N/A         4
 Corpse Rot               Necr/Pois/Air  Unusable   N/A       N/A         4
 Simulacrum               Ice/Necr       Unusable   N/A       N/A         6

Dungeon Overview and Level Annotations

Branches:
Dungeon (15/15)            Temple (1/1) D:4            Lair (5/5) D:8
  Swamp (4/4) Lair:2       Spider (0/4) Lair:3        Slime (0/5) Lair:4
    Orc (2/2) D:10            Elf (3/3) Orc:2        Vaults (0/5) D:13
 Depths (0/4) D:15        Ossuary (visited)          Bailey (visited)
  IceCv (visited)

Altars:
Ashenzari
Cheibriados
Dithmenos
Fedhas
Gozag
Hepliaklqana
Nemelex Xobeh
Okawaru
Qazlal
Ru
Sif Muna
Trog
Uskayaw
Vehumet
Wu Jian
Xom
Yredelemnul
The Shining One

Shops:
D:4 *   D:8 !:   D:13 =   D:14 *   Orc:1 (   Orc:2 ([*[   Elf:1 *((   Elf:3 **=

Annotations:
D:1 exclusion: downstairs
D:4 exclusion: upstairs
D:7 2 transporters, Bartlander's ghost, novice BaHu
D:9 exclusion: upstairs
D:13 3 runed translucent doors, Xeymp's ghost, journeyman SpEn
Lair:3 exclusions: downstairs and upstairs, Gastronok
Lair:4 exclusion: downstairs
Orc:1 3 runed translucent doors, BritishOli's ghost, journeyman DsFi
Elf:2 3 runed translucent doors


Innate Abilities, Weirdness & Mutations

You have sharp claws.
You have razor-sharp teeth.
You have supernaturally acute eyesight. (SInv)
You cover ground quickly. (Speed+)
Your thick and shaggy fur keeps you warm. (AC +3, rC+)
Your paws help you pounce on unaware monsters.
You are incapable of wielding weapons or throwing items.
You cannot wear armour.
You gain extra lives every three experience levels.
You are partially covered in large bone plates. (SH +4)


Message History

The spriggan berserker goes berserk!
The spriggan air mage struggles to escape constriction.
The death yak struggles to escape constriction.
Unknown command.
Unknown command.
Unknown command.
The zombie hands constrict the spriggan air mage!
The zombie hands constrict the spriggan berserker!
The zombie hands constrict the death yak, but do no damage.
The spriggan berserker struggles to escape constriction.
The spriggan air mage waves its arms in wide circles.
The air twists around and strikes you!
The death yak escapes!
The spriggan berserker rages.
The spriggan berserker struggles to escape constriction.
Unknown command.
The zombie hands constrict the spriggan air mage!
The zombie hands constrict the spriggan berserker.
The spriggan berserker struggles to escape constriction.
You block the death yak's attack.
The spriggan berserker struggles to escape constriction.
The spriggan air mage struggles to escape constriction.
The death yak closely misses you.
The spriggan berserker escapes!
The spriggan air mage waves its arms in wide circles.
The air twists around and strikes you!
Casting: Borgnjor's Vile Clutch (dangerous; 1% risk of failure)
Confirm with . or Enter, or press ? or * to list all spells.
Aiming: Borgnjor's Vile Clutch (dangerous; 1% risk of failure)
Press: ? - help, Shift-Dir - straight line, f - spriggan berserker, p - spriggan air mage
Aim: a spriggan berserker, wielding a +1 antimagic quarterstaff and wearing a +0 animal skin (severely wounded, berserk, regenerating, strong-willed, 100% to hit)
Zombie hands grab the death yak.
Zombie hands grab the spriggan berserker.
The zombie hands constrict the spriggan air mage!
You kill the spriggan air mage!
The zombie hands constrict the spriggan berserker!
The zombie hands constrict the death yak!
The spriggan berserker struggles to escape constriction.
The death yak gores you!!!
Ouch! That really hurt!
You die...
Your body crumbles into a pile of gold.

♣~♣♣#♣§.# ♣.~...♣
..♣ #~.~#...i
♣.[.(.♣ ~.♣
##.##~...
##[)#~.♣ ♣♣♣
#.§##~..##~.#♣..♣
♣
#.>.#...#.>.#§~.♣
##..#.i.#..##~.♣♣
♣.###~..####...♣
♣♣♣ #$$#.~).~.♣
♣...iY@~♣♣♣
♣♣♣♣♣♣♣♣♣


You could see a death yak (summoned, berserk, clutched) and a spriggan berserker
(berserk, regenerating, strong-willed, clutched).

Vanquished Creatures
  Bai Suzhen (Swamp:4)
  Jorgrun (D:14)
  2 deep elf blademasters (Elf:3)
  2 deep elf master archers (Elf:3)
  Frances (Swamp:1)
  Kirke (Swamp:1)
  2 fenstrider witches
  A fire giant (D:14)
  2 deep elf sorcerers (Elf:3)
  2 orc warlords
  8 deep elf elementalists (Elf:3)
  2 eleionomae
  7 deep elf demonologists
  A spark wasp (D:10)
  2 bunyips
  8 deep elf annihilators
  A fire dragon (D:15)
  3 deep elf high priests (Elf:3)
  Josephine (D:15)
  4 deep elf death magi (Elf:3)
  Fannar (D:12)
  17 hydras
  2 boulder beetles
  A ghost crab (Swamp:2)
  7 centaur warriors
  An anaconda (Swamp:2)
  2 spriggan air magi
  19 dancing weapons
  8 two-headed ogres
  7 alligators
  A tengu warrior (D:10)
  3 orc high priests
  8 deep elf knights
  3 skeletal warriors (D:12)
  Lodul (D:14)
  5 goliath frogs
  A sea snake (Lair:5)
  6 spriggan druids
  A death drake (Swamp:4)
  A flayed ghost (D:14)
  5 swamp dragons
  A wizard (D:15)
  6 deep elf archers
  2 necromancers
  9 bog bodies
  28 deep elf zephyrmancers
  8 orc sorcerers
  6 orc knights
  2 ugly things
  4 manticores
  25 deep elf pyromancers
  3 cyclopes
  5 will-o-the-wisps
  An elephant (Lair:4)
  3 centaur zombies (D:15)
  Maurice (D:9)
  6 black mambas
  Maggie (D:7)
  An ice statue (IceCv)
  6 cane toads
  2 gargoyles
  An unseen horror (D:11)
  A torpor snail (Lair:5)
  Psyche (D:8)
  7 komodo dragons
  A kobold demonologist (D:10)
  An anaconda simulacrum (IceCv)
  6 rime drakes
  2 tengu conjurers (D:13)
  8 trolls
  3 polar bears
  7 meliai
  Grinder (D:6)
  8 tyrant leeches
  11 blink frogs
  2 meliai zombies (D:13)
  4 slime creatures (D:15)
  9 hornets
  4 culicivoras (Lair:3)
  2 air elementals
  2 jumping spiders (Lair:3)
  3 shadows
  10 wyverns
  6 wraiths
  17 spriggans
  A vampire (D:14)
  5 hogs (Swamp:1)
  6 water elementals
  A fire elemental (Elf:2)
  A human (shapeshifter) (D:14)
  34 yaks
  Grum (D:9)
  3 dire elephant simulacra (IceCv)
  3 redbacks (Lair:3)
  6 basilisks
  3 steam dragons
  21 vampire mosquitoes
  2 death yak simulacra (IceCv)
  10 wargs
  2 acid dragons (D:10)
  18 swamp worms
  A hydra simulacrum (IceCv)
  17 water moccasins
  46 orc warriors
  5 black bears
  9 swamp drakes
  3 ice beasts
  10 ogres
  6 boggarts
  9 wolves
  A phantom (D:7)
  13 centaurs
  A kobold brigand (D:8)
  7 bullfrogs
  3 gnoll sergeants
  2 scorpions
  3 necrophages
  2 earth elementals
  4 cane toad simulacra (IceCv)
  3 water moccasin zombies (Ossuary)
  3 wights (D:10)
  4 two-headed ogre simulacra (IceCv)
  A hornet simulacrum (D:15)
  8 elephant simulacra (IceCv)
  5 howler monkeys
  2 electric eels (Elf:3)
  2 jellies
  29 orc priests
  6 hounds
  Terence (D:2)
  4 iguanas
  16 orc wizards
  Ijyb (D:2)
  6 spriggan simulacra (IceCv)
  5 troll simulacra (IceCv)
  2 wolf simulacra (IceCv)
  A polar bear simulacrum (IceCv)
  2 mummies (Ossuary)
  Robin (D:2)
  13 gnolls
  12 adders
  4 naga simulacra (IceCv)
  2 shadow imps
  5 white imps (IceCv)
  4 ufetubi
  2 adder zombies (Ossuary)
  2 worms (D:3)
  2 dart slugs
  77 orcs
  11 endoplasms
  2 giant cockroaches
  3 gnoll zombies (Ossuary)
  28 goblins
  13 hobgoblins
  10 kobolds
  8 quokkas
  6 ball pythons
  6 bats
  4 frilled lizards
  8 hobgoblin zombies (Ossuary)
  6 kobold zombies (Ossuary)
  6 orc zombies (Ossuary)
  5 rats
989 creatures vanquished.

Vanquished Creatures (collateral kills)
  An ettin (D:14)
  2 hydras
  A two-headed ogre (Orc:2)
  A centaur warrior (D:13)
  2 orc high priests (Orc:2)
  A manticore (D:8)
  4 slime creatures (D:15)
  2 wraiths (D:15)
  A vampire mosquito (D:8)
  A swamp worm (Lair:2)
  8 orc warriors
  A centaur (D:14)
  4 orc priests (Orc:2)
  An orc wizard (Orc:2)
  A troll simulacrum (IceCv)
  A gnoll (Bailey)
  22 orcs
  4 goblins (Bailey)
  3 hobgoblins (Bailey)
61 creatures vanquished.

Vanquished Creatures (others)
  12 foxfires
  32 fungi
  70 plants
  9 snaplasher vines
123 creatures vanquished.

Grand Total: 1173 creatures vanquished

Notes
Turn   | Place    | Note
-------+----------+-------------------------------------------
     0 | D:1      | 112233 the Felid Earth Elementalist began the quest for the
                  | Orb.
     0 | D:1      | Reached XP level 1. HP: 7/7 MP: 4/4
    54 | D:2      | Found an iron altar of Okawaru.
    57 | D:2      | Noticed Terence
   318 | D:1      | Reached XP level 2. HP: 3/11 MP: 3/6
  1017 | D:1      | Reached XP level 3. HP: 14/14 MP: 5/7
  1124 | D:1      | You fall into a shaft and drop 1 floor!
  1816 | D:2      | Reached XP level 4. HP: 18/18 MP: 4/8
  2437 | D:2      | Learned a level 3 spell: Stone Arrow
  2440 | D:2      | Learned a level 2 spell: Passwall
  2760 | D:2      | Killed Terence
  2761 | D:2      | Reached XP level 5. HP: 14/21 MP: 3/10
  3187 | D:2      | Noticed Robin
  3222 | D:2      | Killed Robin
  3558 | D:3      | Reached skill level 5 in Earth Magic
  3860 | D:3      | Found a radiant altar of Vehumet.
  3951 | D:3      | Identified the ring "Qietz" {+Blink rF+ Stlth+}
  3984 | D:3      | Noticed Ijyb
  4041 | D:4      | Gained mutation: You are covered in thick fur. (AC +2)
                  | [Felid growth]
  4041 | D:4      | Reached XP level 6. HP: 24/24 MP: 10/12
  4300 | D:2      | Killed Ijyb
  4702 | D:2      | Learned a level 1 spell: Apportation
  4707 | D:2      | Learned a level 4 spell: Summon Lightning Spire
  4762 | D:3      | Noticed an ice beast
  4763 | D:3      | Found the +2 shield of Resistance {rF++ rC++ Will++}
  4789 | D:3      | Killed an ice beast
  5366 | D:4      | Reached skill level 1 in Summonings
  5450 | D:4      | Reached skill level 1 in Fighting
  5599 | D:4      | Identified the +1 mace "Zoneam" {freeze, rElec rC+ Stlth+}
  5625 | D:4      | Reached XP level 7. HP: 23/28 MP: 1/14
  5945 | D:4      | Found a staircase to the Ecumenical Temple.
  5957 | Temple   | Entered the Ecumenical Temple
  5965 | Temple   | Became a worshipper of Gozag Ym Sagoz the Greedy
  6291 | D:4      | Found Camp's Mass Market.
  6959 | D:5      | Entered Level 5 of the Dungeon
  6971 | D:5      | Found a snail-covered altar of Cheibriados.
  7296 | D:5      | Reached skill level 5 in Spellcasting
  7686 | D:5      | Identified the ring "Oriceray" {rN+ Dex+4}
  7977 | D:6      | Reached XP level 8. HP: 34/34 MP: 8/17
  8275 | D:6      | Found a sand-covered staircase.
  8320 | Ossuary  | Entered an ossuary
  9051 | Ossuary  | Reached skill level 5 in Dodging
 10029 | D:6      | Noticed Grinder
 10045 | D:6      | Killed Grinder
 10524 | D:7      | Found a transporter.
 10524 | D:7      | Noticed a troll
 10527 | D:7      | Noticed Bartlander's ghost (novice BaHu)
 10545 | D:7      | Found a transporter.
 10642 | D:7      | Noticed Maggie
 10650 | D:7      | Killed Maggie
 10651 | D:7      | Reached XP level 9. HP: 27/39 MP: 1/20
 12176 | D:8      | Reached skill level 5 in Fighting
 12290 | D:8      | Learned a level 5 spell: Summon Forest
 12328 | D:8      | Found a hazy altar of Hepliaklqana.
 12406 | D:8      | Found a staircase to the Lair.
 12426 | D:8      | Noticed a manticore
 12435 | D:8      | Reached XP level 10. HP: 44/44 MP: 18/23
 12439 | D:8      | Reached skill level 1 in Translocations
 12612 | D:8      | Noticed Psyche
 12631 | D:8      | Learned a level 5 spell: Borgnjor's Vile Clutch
 12689 | D:8      | Noticed a manticore
 12690 | D:8      | Noticed a boulder beetle
 12714 | D:8      | Slain by a boulder beetle
 12715 | D:8      | Reached XP level 9. HP: 0/40 MP: 19/22
 12721 | D:8      | Killed a manticore
 12722 | D:8      | Reached skill level 1 in Necromancy
 12821 | Lair:1   | Entered Level 1 of the Lair of Beasts
 12909 | Lair:1   | Gained mutation: You are partially covered in iridescent
                  | scales. (AC +2) [potion of mutation]
 12909 | Lair:1   | Gained mutation: You have a somewhat thin skeletal
                  | structure. (Dex +2, Stealth+) [potion of mutation]
 13050 | Lair:1   | Noticed a cane toad
 13231 | Lair:1   | Noticed a rime drake
 13276 | Lair:1   | Killed a rime drake
 13429 | Lair:1   | Noticed a four-headed hydra
 13448 | Lair:1   | Killed a four-headed hydra
 13449 | Lair:1   | Reached XP level 10. HP: 45/45 MP: 12/23
 13993 | Lair:1   | Killed a cane toad
 14429 | Lair:2   | Noticed a seven-headed hydra
 14459 | Lair:1   | Learned a level 6 spell: Iron Shot
 14508 | Lair:2   | Identified the +1 robe of Ocucs {rF+ rN+ rCorr}
 14516 | Lair:2   | Noticed a four-headed hydra
 14557 | Lair:2   | Reached skill level 5 in Translocations
 15248 | Lair:2   | Killed a seven-headed hydra
 15290 | Lair:2   | Killed a four-headed hydra
 15291 | Lair:2   | Reached XP level 11. HP: 5/49 MP: 4/25
 15705 | Lair:2   | Reached skill level 1 in Evocations
 16356 | Lair:2   | Found a hide-covered altar of Uskayaw.
 16356 | Lair:2   | Found an ornate altar of the Wu Jian Council.
 16356 | Lair:2   | Noticed a boulder beetle
 16396 | Lair:2   | Noticed a bunyip
 16396 | Lair:2   | a boulder beetle changed into a bunyip
 16811 | Lair:3   | Reached skill level 10 in Spellcasting
 16843 | Lair:3   | Noticed Gastronok
 17268 | Lair:3   | Found a hole to the Spider Nest.
 17835 | Lair:3   | Reached skill level 10 in Dodging
 19315 | Lair:4   | Reached skill level 5 in Necromancy
 19456 | Lair:4   | Gained mutation: Your thick and shaggy fur keeps you warm.
                  | (AC +3, rC+) [Felid growth]
 19456 | Lair:4   | Reached XP level 12. HP: 20/54 MP: 2/27
 19958 | Lair:4   | Found a sparkling altar of Nemelex Xobeh.
 20514 | Lair:4   | Found a staircase to the Slime Pits.
 20736 | Lair:5   | Entered Level 5 of the Lair of Beasts
 21462 | Lair:5   | Noticed an eight-headed hydra
 21535 | Lair:5   | Reached skill level 5 in Evocations
 22183 | Lair:2   | Killed a bunyip
 22566 | Lair:2   | Found a staircase to the Swamp.
 22568 | Lair:2   | Noticed a seven-headed hydra
 22580 | Lair:2   | Killed a seven-headed hydra
 22916 | D:9      | Noticed Maurice
 22965 | D:9      | Killed Maurice
 23493 | D:9      | Found a shimmering blue altar of Sif Muna.
 23737 | D:9      | Noticed Grum
 23744 | D:9      | Killed Grum
 24166 | D:10     | Entered Level 10 of the Dungeon
 24222 | D:10     | Found a bloodstained altar of Trog.
 24231 | D:10     | Noticed a two-headed ogre
 24247 | D:10     | Killed a two-headed ogre
 24288 | D:10     | Found a sacrificial altar of Ru.
 24414 | D:10     | Found a flagged portal.
 24438 | Bailey   | Entered a bailey
 24655 | Bailey   | Reached skill level 10 in Earth Magic
 25256 | Bailey   | Noticed an orc warlord
 25273 | Bailey   | Reached XP level 13. HP: 59/59 MP: 1/29
 25274 | Bailey   | Killed an orc warlord
 27394 | D:10     | Identified the +5 mace of Traps {flame, rN+}
 27467 | D:10     | Noticed a spark wasp
 27467 | D:10     | a boulder beetle changed into a spark wasp
 27472 | D:10     | Killed a spark wasp
 27630 | D:10     | Reached XP level 14. HP: 64/64 MP: 31/31
 28787 | D:10     | Found a staircase to the Orcish Mines.
 28901 | D:10     | Identified the ring "Zevuquh" {Contam rF+++ rC+ Str+6
                  | Int+4}
 29027 | Orc:1    | Entered Level 1 of the Orcish Mines
 29165 | Orc:1    | Found a runed translucent gate.
 29166 | Orc:1    | Found a runed translucent gate.
 29166 | Orc:1    | Found a runed translucent gate.
 29190 | Orc:1    | Identified the +2 ring mail of Dawn {+Blink rElec rF-
                  | Regen+}
 29191 | Orc:1    | Noticed BritishOli's ghost (journeyman DsFi)
 29726 | Orc:1    | Found Hiogu's Weapon Emporium.
 29852 | Orc:1    | You fall into a shaft and drop 1 floor!
 29852 | Orc:2    | Entered Level 2 of the Orcish Mines
 29852 | Orc:2    | Found Erom's Antique Weapon Boutique.
 30482 | Orc:2    | Noticed an orc warlord
 30508 | Orc:2    | Killed an orc warlord
 30726 | Orc:2    | Reached skill level 1 in Conjurations
 31313 | Orc:2    | Found Minear's Armour Emporium.
 33340 | Orc:2    | Reached skill level 10 in Fighting
 33855 | Orc:2    | Found a staircase to the Elven Halls.
 33936 | Orc:2    | Identified the amulet "Etuoro" {Faith rElec Stlth+}
 34446 | Orc:2    | Found Suzaus's Armour Boutique.
 34457 | Orc:2    | Found Monlior's General Store.
 34540 | Orc:2    | Bought a potion of mutation for 136 gold pieces
 35740 | D:8      | Killed Psyche
 35763 | D:8      | Reached XP level 15. HP: 69/69 MP: 8/33
 36257 | D:8      | Got the Reference Book on Algid Curses
 38186 | D:12     | Got the Omnibus of Orientation
 38876 | D:12     | Noticed Fannar
 39116 | D:12     | Killed Fannar
 39309 | D:12     | Found Toamesi's Distillery.
 39314 | D:12     | Bought a potion of heal wounds for 60 gold pieces
 39314 | D:12     | Bought a potion of degeneration for 12 gold pieces
 39314 | D:12     | Bought a potion of curing for 36 gold pieces
 39314 | D:12     | Bought a potion of curing for 36 gold pieces
 39314 | D:12     | Bought a potion of haste for 120 gold pieces
 39314 | D:12     | Bought 2 potions of haste for 240 gold pieces
 39314 | D:12     | Bought a potion of lignification for 36 gold pieces
 39314 | D:12     | Bought a potion of resistance for 120 gold pieces
 39314 | D:12     | Bought a potion of brilliance for 48 gold pieces
 39812 | D:13     | Found a frozen archway.
 39880 | IceCv    | Entered an ice cave
 42106 | IceCv    | Identified the +0 chain mail of Plasticity {rC- Will+ rCorr
                  | Dex+3}
 42455 | D:13     | Found a runed translucent gate.
 42455 | D:13     | Found a runed translucent gate.
 42455 | D:13     | Found a runed translucent gate.
 42455 | D:13     | Noticed Xeymp's ghost (journeyman SpEn)
 42457 | D:13     | Found a basalt altar of Yredelemnul.
 42803 | D:13     | Found a gate to the Vaults.
 43257 | D:13     | Found Okkaogou's Jewellery Shop.
 43510 | D:14     | Noticed Jorgrun
 43518 | D:14     | Killed Jorgrun
 43946 | D:14     | Noticed Lodul
 43952 | D:14     | Killed Lodul
 44783 | D:14     | Found Cuef's Changing Room.
 44810 | D:14     | Found a glowing golden altar of the Shining One.
 44943 | D:14     | Bought a book of Alchemy for 420 gold pieces
 44943 | D:14     | Bought a potion of mutation for 120 gold pieces
 44943 | D:14     | Bought a potion of mutation for 120 gold pieces
 45416 | D:14     | Noticed a fire giant
 45425 | D:14     | Killed a fire giant
 45617 | D:15     | Entered Level 15 of the Dungeon
 45623 | D:15     | Noticed Josephine
 46811 | D:15     | Found a staircase to the Depths.
 47071 | D:15     | Killed Josephine
 47072 | D:15     | Reached XP level 16. HP: 42/73 MP: 9/35
 47319 | D:15     | Reached skill level 5 in Conjurations
 48365 | D:15     | Learned a level 5 spell: Irradiate
 48620 | Elf:1    | Entered Level 1 of the Elven Halls
 48627 | Elf:1    | Reached skill level 15 in Spellcasting
 48846 | Elf:1    | Found Romnuiwn's Assorted Antiques.
 48855 | Elf:1    | Bought a scroll of fear for 164 gold pieces
 48855 | Elf:1    | Bought 2 metallic dark potions for 73 gold pieces
 48855 | Elf:1    | Bought a sedimented purple potion for 36 gold pieces
 49018 | Elf:1    | Paralysed by an air elemental for 1 turns
 49086 | Elf:1    | Found Yhuiprib's Antique Weapon Boutique.
 49898 | Elf:1    | Found Zopoblomm's Antique Weapon Boutique.
 51335 | Elf:2    | Reached skill level 15 in Dodging
 51838 | D:8      | Bought a manual of Hexes for 1520 gold pieces
 51838 | D:8      | Bought an Inescapable Atlas for 646 gold pieces
 51841 | D:8      | Learned a level 2 spell: Blink
 51847 | D:8      | Learned a level 5 spell: Manifold Assault
 51849 | D:8      | Bought 2 potions of might for 112 gold pieces
 51849 | D:8      | Bought a potion of curing for 42 gold pieces
 51849 | D:8      | Bought 2 potions of curing for 84 gold pieces
 51849 | D:8      | Bought a potion of invisibility for 112 gold pieces
 51849 | D:8      | Bought a potion of curing for 42 gold pieces
 52428 | Elf:2    | Reached skill level 1 in Air Magic
 52867 | Elf:2    | Found a runed translucent gate.
 52868 | Elf:2    | Found a runed translucent gate.
 52868 | Elf:2    | Found a runed translucent gate.
 52939 | Elf:3    | Entered Level 3 of the Elven Halls
 54140 | Elf:3    | Found Furuadail's General Store.
 54142 | Elf:3    | Found Haonor's Assorted Antiques.
 54158 | Elf:3    | Found Xusah's Jewellery Shop.
 54275 | Elf:3    | Bought a scroll of teleportation for 81 gold pieces
 54275 | Elf:3    | Bought a scroll of butterflies for 108 gold pieces
 54789 | Elf:3    | Reached XP level 17. HP: 59/79 MP: 17/37
 55316 | Elf:3    | Identified the +2 scale mail of Yneaxy {rF+ rC- Str+7
                  | Stlth+}
 55723 | Elf:3    | Identified the +5 scale mail of the Kettle-Drum {Str+3
                  | Dex+5}
 55723 | Elf:3    | Noticed a deep elf blademaster
 55747 | Elf:3    | Killed a deep elf blademaster
 55968 | Elf:3    | Slain by an earth elemental
 55969 | Elf:3    | Reached XP level 16. HP: -5/76 MP: 12/36
 56049 | Elf:3    | Reached skill level 5 in Transmutations
 56365 | Elf:3    | Identified the +7 rapier "Muanakyt" {speed, rN++ Will-
                  | rCorr Dex-3}
 56366 | Elf:3    | Noticed a deep elf master archer
 56371 | Elf:3    | Killed a deep elf master archer
 56372 | Elf:3    | Noticed a deep elf blademaster
 56376 | Elf:3    | Identified the +6 long sword of Blood-Lust {flame, Contam
                  | +Blink Fly Will+++}
 56384 | Elf:3    | Killed a deep elf blademaster
 56395 | Elf:3    | Identified the +3 flail of the Big Bang {venom, Str+6}
 56396 | Elf:3    | Identified the +8 whip "Idwij" {vorpal, MP+9 Dex+2}
 56405 | Elf:3    | Reached skill level 5 in Air Magic
 56656 | Elf:3    | Noticed a deep elf master archer
 56668 | Elf:3    | Killed a deep elf master archer
 56902 | Elf:3    | Got Lalusam's Tractate on the Cursed Union
 56983 | Elf:3    | Learned a level 7 spell: Storm Form
 57338 | Swamp:1  | Entered Level 1 of the Swamp
 57866 | Swamp:1  | Noticed Kirke
 57871 | Swamp:1  | Killed Kirke
 58169 | Swamp:1  | HP: 1/76 [acid (9)]
 58592 | Swamp:1  | Noticed Frances
 58611 | Swamp:1  | Killed Frances
 59842 | Swamp:2  | Reached XP level 17. HP: 80/80 MP: 19/38
 62662 | Swamp:2  | You fall into a shaft and drop 1 floor!
 64509 | Swamp:4  | Entered Level 4 of the Swamp
 64709 | Swamp:4  | Noticed Bai Suzhen
 64873 | Swamp:4  | Killed Bai Suzhen
 65040 | Swamp:4  | Gained mutation: You do not regenerate when monsters are
                  | visible. [mutagenic glow]
 65817 | Swamp:4  | Killed from afar by a death drake
 65818 | Swamp:4  | Reached XP level 16. HP: -1/77 MP: 28/37
 67126 | Swamp:4  | Lost mutation: You have a somewhat thin skeletal structure.
                  | (Dex +2, Stealth+) [potion of mutation]
 67126 | Swamp:4  | Lost mutation: You are partially covered in iridescent
                  | scales. (AC +2) [potion of mutation]
 67126 | Swamp:4  | Gained mutation: You are agile. (Dex +4, Str/Int -1)
                  | [potion of mutation]
 67126 | Swamp:4  | Lost mutation: You are agile. (Dex +4, Str/Int -1) [potion
                  | of mutation]
 67126 | Swamp:4  | Gained mutation: Your mind is acute. (Int +4, Str/Dex -1)
                  | [potion of mutation]
 67127 | Swamp:4  | Lost mutation: Your mind is acute. (Int +4, Str/Dex -1)
                  | [potion of mutation]
 67127 | Swamp:4  | Lost mutation: You do not regenerate when monsters are
                  | visible. [potion of mutation]
 67127 | Swamp:4  | Gained mutation: You are partially covered in large bone
                  | plates. (SH +4) [potion of mutation]
 67341 | Swamp:3  | Mangled by a death yak

Illustrated notes

Levels and vault maps discovered:
D:1:      amcnicky_arrival_flooded_fountain, layout_rooms, serial_park_tiny_2,
          corexii_leaking_fountain, serial_bayou_pond_d
D:2:      layout_loops_cross, basic_altar, amethyst_killhole, uniq_terence,
          uniq_robin
D:3:      layout_rooms, mainiacjoe_overflow_alcove_2, amcnicky_mini_pool_small,
          minmay_stone_trees_small, kennysheep_another_room, uniq_ijyb
D:4:      layout_layer_cave, minmay_temple_entry_stoned_glass, minmay_shop_mass
D:5:      cheibrodos_quashed, layout_cave_pools, overflow_temple_1_default
D:6:      layout_basic, nicolae_ossuary_entry_ruins, dreamdust_wishing_well,
          uniq_grinder
D:7:      layout_basic, gammafunk_ghost_arena, uniq_maggie
D:8:      minmay_cut_squares, layout_loops_ring,
          mainiacjoe_overflow_concentric_impassable, minmay_lair_entry_grove,
          minmay_liquid_box, uniq_psyche
D:9:      layout_basic, lemuel_blue_sif_altar, uniq_grum, uniq_maurice
D:10:     minmay_the_grid_net [minmay_the_grid_tree, minmay_the_grid_doors,
          minmay_the_grid_tri_star, minmay_the_grid_paths,
          minmay_the_grid_spikes, minmay_the_grid_prize_trominoes],
          layout_irregular_city, jmf_multi_god_temple,
          minmay_orc_entry_guard_dogs, enter_bailey_5
D:11:     layout_loops_ring
D:12:     layout_stronghold, serial_shops, nicolae_shop_hallway_plus,
          uniq_fannar
D:13:     layout_loops_ring, erik_vaults_1, portal_ice_cave_rime, serial_shops,
          shop_statue, nicolae_yredelemnul_ghost_church
D:14:     minmay_outward_triangles, layout_loops_corners,
          nicolae_cairo_tiling_large, nicolae_transmutations_shop,
          tso_metal_star, uniq_jorgrun, uniq_lodul
D:15:     grunt_enter_depths_magical_seal, layout_long_grid, uniq_josephine
Temple:   compressed_dpeg_triangle_lava_temple
Lair:1:   layout_hall_layers, grunt_megastairs_5
Lair:2:   layout_gridlike, palyth_hydra_swamp_entry, st_stairs_9,
          nzn_masters_of_martial_movement
Lair:3:   layout_roguey, nicolae_spider_entry_tight_spaces, uniq_gastronok
Lair:4:   layout_misc_corridors, slime_entry_1, basic_altar
Lair:5:   gammafunk_lair_ancient_temple, layout_hall_layers, worms_lemuel
Swamp:1:  nicolae_swamp_standing_stones, layout_basic_swamp,
          evilmike_swamp_ruin_house_6, uniq_kirke, uniq_frances
Swamp:2:  layout_basic_swamp, hangedman_swamp_ruin_hall, swamp_pool5,
          nicolae_swamp_snake_nest
Swamp:3:  nicolae_swamp_secret_spriggan_hideout, layout_basic_swamp,
          evilmike_swamp_ruin_rubble_1, infiniplex_staircase_pool_2
Swamp:4:  swamp_old_school, layout_basic_swamp, uniq_bai_suzhen
Orc:1:    layout_diamond_mine, basic_altar, serial_shops,
          nicolae_shop_bloodbath_and_beyond, biasface_ghost_orc_armoury
Orc:2:    pubby_orc_utopia
Elf:1:    eino_elf_arrival_shootout, layout_geoelf_octagon, serial_shops, shop,
          shop_statue, nicolae_shop_crystal, hangedman_elf_represent,
          solitary_fountain
Elf:2:    nicolae_elf_blades_crystal_corner, layout_onion_city
Elf:3:    elf_hall, layout_geoelf_castle, minmay_shop_star

Skill      XL: |  1  2  3  4  5  6  7  8  9 10 11 12 13 14 15 16 17 |
---------------+----------------------------------------------------+-----
Earth Magic    | 3 4 5 6 7 8 9 10 11 12 | 12.1
Spellcasting   | 3 4 5 6 8 9 10 11 12 13 14 16 | 16.9
Dodging        | 3 4 6 8 9 10 11 12 13 14 16 | 16.5
Summonings     | 1 3 4 |  4.3
Fighting       | 1 2 3 5 6 7 8 9 10 11 12 | 12.7
Translocations | 3 5 6 |  6.8
Necromancy     | 2 3 5 6 7 8 |  8.2
Evocations     | 3 5 6 7 8 9 |  9.6
Conjurations   | 2 4 5 6 |  6.5
Air Magic      | 6 7 |  7.4
Transmutations | 9 8 |  9.0
Stealth        | |  2.6

Action                   |  1- 3 |  4- 6 |  7- 9 | 10-12 | 13-15 | 16-18 || total
-------------------------+-------+-------+-------+-------+-------+-------++-------
Melee: Unarmed           |     8 |       |    10 |       |     4 |    33 ||    55
       Bite              |     1 |       |     1 |       |     2 |     4 ||     8
 Cast: Sandblast         |    49 |   104 |    99 |   113 |   102 |       ||   467
       Stone Arrow       |       |    17 |   125 |   227 |   266 |   185 ||   820
       Passwall          |       |       |     1 |     1 |       |       ||     2
       Summon Forest     |       |       |       |     5 |    18 |     4 ||    27
       Borgnjor's Vile C |       |       |       |    74 |   326 |   288 ||   688
       Apportation       |       |       |       |       |     3 |       ||     3
       Iron Shot         |       |       |       |       |     1 |    77 ||    78
       Summon Lightning  |       |       |       |       |     1 |     1 ||     2
       Irradiate         |       |       |       |       |       |    10 ||    10
Invok: Potion Petition   |       |       |     2 |       |       |     8 ||    10
       Call Merchant     |       |       |       |       |       |     2 ||     2
Evoke: Wand              |       |     2 |     7 |    14 |     6 |    11 ||    40
       Phial of floods   |       |       |       |     1 |     1 |     2 ||     4
       Condenser vane    |       |       |       |       |     3 |     4 ||     7
       Piece from Xom's  |       |       |       |       |       |     1 ||     1
  Use: Scroll            |       |       |     5 |    15 |     6 |    20 ||    46
       Potion            |       |       |     2 |     2 |     2 |     5 ||    11
Armor: Skin              |     1 |     5 |     9 |    11 |     8 |     6 ||    40
Dodge: Dodged            |    23 |    48 |    74 |   208 |   182 |   304 ||   839
Block: Other             |       |       |       |       |       |     2 ||     2
